 Dungeon Crawl Stone Soup version 0.31-a0-698-g4a7cf283bb (webtiles) character file.

Game seed: 4836546201148521806

183 qw the Shooter (level 5, -1/32 HPs)
             Began as a Gargoyle Hunter on Sept 7, 2023.
             Slain by a gnoll
             ... wielding a +0 halberd
              (4 damage)
             ... on level 4 of the Dungeon.
             The game lasted 00:00:55 (2589 turns).

qw the Shooter (Gargoyle Hunter)                    Turns: 2589, Time: 00:00:56

Health: -1/32      AC:  9    Str: 15    XL:     5   Next: 62%
Magic:  4/4        EV: 11    Int:  9    God:
Gold:   102        SH:  0    Dex: 15    Spells: 4/4 levels left

rFire   . . .        Y - +1 shortbow
rCold   + . .        (shield currently unavailable)
rNeg    + . .        d - +0 ring mail
rPois   inf          (no helmet)
rElec   +            (no cloak)
rCorr   .            (no gloves)
SInv    .            (no boots)
Will    .....        (no amulet)
Stlth   +            a - ring of protection from cold
HPRegen 0.25/turn    (no ring)
MPRegen 0.09/turn

%: no passive effects
@: no status effects
A: sickness immunity, AC +4, negative energy resistance 1, electricity
resistance, torment resistance 1, petrification resistance, low MP 2
a: no special abilities


You were on level 4 of the Dungeon.
You visited 1 branch of the dungeon, and saw 4 of its levels.

You collected 102 gold pieces.


Innate Abilities, Weirdness & Mutations

You are immune to sickness and miasma.
Your stone body is resilient. (AC +4)
You are immune to poison.
You resist negative energy. (rN+)
You are resistant to electric shocks. (rElec)
You are resistant to unholy torment.
You are immune to petrification.
Your magical capacity is very low. (-20% MP)


   Skills:
 + Level 3.2 Fighting
 - Level 6.0 Ranged Weapons
 - Level 1.5 Armour
 - Level 1.5 Dodging
 - Level 1.1 Stealth


You had 4 spell levels left.
You didn't know any spells.
Your spell library was empty.

Inventory:

Hand Weapons
 Y - a +1 shortbow (weapon)
Armour
 d - a +0 ring mail (worn)
Jewellery
 a - a ring of protection from cold (left hand)
Scrolls
 i - a scroll of identify
Potions
 c - a potion of lignification {unknown}
 e - 3 potions of curing
 f - a potion of cancellation {unknown}
 g - a potion of mutation
 h - a potion of might {unknown}

Dungeon Overview and Level Annotations

Branches:
Dungeon (4/15)
 Temple: D:4-7

Altars:


Message History

The gnoll barely misses you.
The quokka bites you but does no damage.
The quokka closely misses you.
You shoot an arrow.
The arrow hits the quokka but does no damage.
The quokka barely misses you.
The quokka bites you but does no damage.
The gnoll hits you from afar with a +0 halberd!
The quokka closely misses you.
You shoot an arrow. The arrow closely misses the quokka.
The arrow hits the dart slug!
You kill the dart slug!
The quokka closely misses you. The gnoll barely misses you.
The quokka barely misses you. The quokka bites you.
The gnoll hits you from afar with a +0 halberd!
You shoot an arrow.
The arrow hits the quokka but does no damage.
The quokka barely misses you.
The quokka bites you but does no damage.
The gnoll hits you but does no damage.
You shoot an arrow.
The arrow hits the quokka but does no damage.
The quokka bites you. The quokka barely misses you.
The gnoll hits you from afar with a +0 halberd!
The quokka barely misses you. The quokka closely misses you.
You shoot an arrow. The arrow hits the quokka!
You kill the quokka!
The gnoll barely misses you. The quokka completely misses you.
You shoot an arrow. The arrow hits the quokka!
You kill the quokka!
The gnoll hits you but does no damage.
You shoot an arrow.
The arrow hits the gnoll but does no damage.
You hear a shout!
The gnoll barely misses you. The gnoll misses you.
You hear an angry hiss.
You shoot an arrow. The arrow hits the gnoll.
The gnoll is heavily wounded.
The gnoll hits you from afar with a +0 halberd.
You die...

#
###g##.#
#@.....#
#.%8.#..#
#.8..#
#..[##
.#### 8.
.. ..#


You could see a gnoll.

Vanquished Creatures
  A hound (D:4)
  3 gnolls (D:2)
  4 adders
  4 worms
  5 dart slugs
  6 endoplasms (D:1)
  2 giant cockroaches
  9 goblins
  4 hobgoblins
  7 jackals
  3 quokkas
  6 ball pythons
  3 bats
  6 frilled lizards
  2 kobolds (D:1)
  A rat (D:3)
66 creatures vanquished.

Notes
Turn   | Place    | Note
-------+----------+-------------------------------------------
     0 | D:1      | qw the Gargoyle Hunter began the quest for the Orb.
     0 | D:1      | Reached XP level 1. HP: 12/12 MP: 1/1
     0 | D:1      | 0 ||| qw: Version: 0.3-a-76-g4403597
     0 | D:1      | 0 ||| qw: Game counter: 378
     0 | D:1      | 0 ||| qw: Melee chars always use a shield: true
     0 | D:1      | 0 ||| qw: God list: Okawaru
     0 | D:1      | 0 ||| qw: Allow faded altars: false
     0 | D:1      | 0 ||| qw: Do Orc after clearing Dungeon:15 true
     0 | D:1      | 0 ||| qw: Do second Lair branch before Depths: true
     0 | D:1      | 0 ||| qw: Lair rune preference: random
     0 | D:1      | 0 ||| qw: Goals: Normal
     0 | D:1      | 0 ||| PLANNING D:1-11
   247 | D:1      | Reached XP level 2. HP: 17/17 MP: 2/2
   762 | D:1      | Found a faded altar of an unknown god.
   833 | D:1      | Reached XP level 3. HP: 21/21 MP: 3/3
  1098 | D:1      | Reached skill level 5 in Ranged Weapons
  1209 | D:1      | 1209 ||| UPGRADING to +0 ring mail.
  1219 | D:1      | 1219 ||| DROPPING +0 leather armour.
  1220 | D:1      | 1220 ||| READING scroll labelled QEMOIPL MORU.
  1221 | D:1      | 1221 ||| READING scroll labelled UKAEFAS GIYGAL.
  1222 | D:1      | 1222 ||| READING scroll labelled BODYSE DUEG.
  1323 | D:1      | 1323 ||| READING scroll labelled NIPSYREOMO.
  1326 | D:1      | 1326 ||| DRINKING 2 puce potions.
  1327 | D:1      | 1327 ||| DROPPING scroll of butterflies.
  1522 | D:2      | 1522 ||| Stepping ~*~*~tactically~*~*~ (outnumbered).
  1524 | D:2      | 1524 ||| Stepping ~*~*~tactically~*~*~ (outnumbered).
  1527 | D:2      | Reached skill level 1 in Armour
  1532 | D:2      | Reached XP level 4. HP: 23/27 MP: 4/4
  1557 | D:2      | Reached skill level 3 in Fighting
  1956 | D:2      | 1956 ||| UPGRADING to ring of protection from cold.
  1957 | D:2      | 1957 ||| READING scroll labelled PERHOCOQIM.
  1958 | D:2      | 1958 ||| READING scroll labelled COUF BOIKHIG.
  1959 | D:2      | 1959 ||| READING scroll labelled TIBAX OX CEF.
  1960 | D:2      | 1960 ||| DRINKING 2 orange potions.
  1960 | D:2      | Gained mutation: Your magical capacity is low. (-10% MP)
                  | [potion of mutation]
  1960 | D:2      | Gained mutation: Your magical capacity is very low. (-20%
                  | MP) [potion of mutation]
  2017 | D:3      | Reached XP level 5. HP: 32/32 MP: 4/4
  2496 | D:3      | 2496 ||| DRINKING 2 purple potions.
  2564 | D:4      | Reached skill level 6 in Ranged Weapons
  2572 | D:4      | HP: 7/32 [iguana (6)]
  2573 | D:4      | 2573 ||| READING scroll of teleportation.
  2574 | D:4      | 2574 ||| DRINKING potion of heal wounds.
  2585 | D:4      | HP: 2/32 [gnoll/+0 halberd (10)]
  2589 | D:4      | Slain by a gnoll

Levels and vault maps discovered:
D:1:      dpeg_arrival_chambers_temple_mockup, layout_basic,
          hellmonk_ecumenical_altar_inner_sanctum, minmay_split_cup_small
D:2:      layout_basic, nicolae_wormholes
D:3:      layout_basic, minmay_diced_spiral
D:4:      layout_rooms, xom_redecorated, serial_shops, shop, minivault_26,
          minmay_bent

Skill      XL: |  1  2  3  4  5 |
---------------+----------------+-----
Ranged Weapons | 5 6 |  6.0
Armour         | 1 |  1.5
Fighting       | 3 |  3.2
Dodging        | |  1.5
Stealth        | |  1.1

Action                     |  1- 3 |  4- 6 || total
---------------------------+-------+-------++-------
   Fire: Shortbow          |   114 |   109 ||   223
    Use: Scroll            |     4 |     4 ||     8
         Potion            |     1 |     3 ||     4
 Armour: Leather armour    |    19 |       ||    19
         Ring mail         |     4 |    50 ||    54
  Dodge: Dodged            |    31 |    45 ||    76

Table legend:
 A = Non-vault XP
 B = Vault XP
 C = Vault XP percentage of total XP
 D = Non-vault monster count
 E = Vault monster count
 F = Vault count percentage of total count
                 A         B        C        D         E       F
            +---------+---------+-------+---------+---------+-------
      Total |     212 |      50 |  19.1 |      51 |      15 |  22.7
            +---------+---------+-------+---------+---------+-------
        D:1 |      48 |       6 |  11.1 |      25 |       3 |  10.7
        D:2 |      92 |      10 |   9.8 |      15 |       2 |  11.8
        D:3 |      26 |      25 |  49.0 |       8 |       6 |  42.9
        D:4 |      46 |       9 |  16.4 |       3 |       4 |  57.1
            +---------+---------+-------+---------+---------+-------
